 Dungeon Crawl Stone Soup version 0.29-a0-653-gd47aff6735 (webtiles) character file.

Game seed: 9829500775347949404

414 lesaewzxc the Sneak (level 6, -2/41 HPs)
             Began as an Octopode Brigand on June 21, 2022.
             Was a Believer of Dithmenos.
             Slain by a water moccasin zombie (4 damage)
             ... in an ossuary.
             The game lasted 00:12:58 (2294 turns).

lesaewzxc the Sneak (Octopode Brigand)              Turns: 2294, Time: 00:12:59

Health: -2/41      AC:  1    Str: 12    XL:     6   Next: 91%
Magic:  17/17      EV: 14    Int: 13    God:    Dithmenos [**....]
Gold:   181        SH:  0    Dex: 14    Spells: 7/7 levels left

rFire   . . .      SeeInvis .   a - +2 dagger
rCold   . . .      Faith    .   (no shield)
rNeg    . . .      Spirit   .   (helmet restricted)
rPois   .          Reflect  .   (no amulet)
rElec   .          Harm     .   o - ring of magical power
rCorr   .          Rampage  .   (no ring)
Will    .....                   (no ring)
Stlth   +++++++...              (no ring)
HPRegen 0.13/turn               (no ring)
MPRegen 0.15/turn               (no ring)
                                (no ring)
                                (no ring)

@: wreathed by umbra
A: almost no armour, amphibious, 8 rings, camouflage 1, gelatinous body 1,
nimble swimmer 1, tentacles
a: Renounce Religion, Shadow Step


You were in an ossuary.
You worshipped Dithmenos.
Dithmenos was pleased with you.
You visited 1 branch of the dungeon, and saw 4 of its levels.
You also visited: Ossuary.

You collected 181 gold pieces.

Inventory:

Hand Weapons
 a - a +2 dagger (weapon)
Missiles
 b - 7 poisoned darts (quivered)
 c - 3 curare-tipped darts
Jewellery
 o - a ring of magical power (left tentacle)
Scrolls
 j - 3 scrolls of enchant armour
 q - a scroll of amnesia {unknown}
Potions
 f - 2 potions of flight
 g - a potion of brilliance
 h - a potion of heal wounds {unknown}
 i - a potion of haste {unknown}
 k - a potion of experience {unknown}
 l - a potion of lignification {unknown}
 m - a potion of degeneration {unknown}
 n - a potion of resistance {unknown}
 p - a potion of might
 r - a potion of mutation {unknown}


   Skills:
 + Level 2.9 Fighting
 * Level 3.6 Short Blades
 + Level 3.1 Throwing
 * Level 3.2 Dodging
 - Level 5.5 Stealth
 + Level 1.4 Spellcasting
 * Level 3.0 Hexes


You had 7 spell levels left.
You didn't know any spells.
Your spell library contained the following spells:

 Spells                   Type           Power      Damage    Failure   Level
 Inner Flame              Hex/Fire       4%         N/A       41%         3
 Cause Fear               Hex            4%         N/A       61%         4
 Discord                  Hex            4%         N/A       100%        8


Dungeon Overview and Level Annotations

Branches:
Dungeon (4/15)            Ossuary (1/1)
 Temple: D:4-7

Altars:
Dithmenos


Innate Abilities, Weirdness & Mutations

You cannot wear most types of armour.
You are amphibious.
You can wear up to eight rings at the same time.
Your skin changes colour to match your surroundings (Stealth+).
Your rubbery body absorbs attacks. (AC +1, EV +1)
You are camouflaged when in or above water. (Stealth+)
You have tentacles for arms and can constrict up to eight enemies at once.


Message History

The bullfrog zombie is heavily damaged.
You constrict the bullfrog zombie. The bullfrog zombie hits you.
* * * LOW HITPOINT WARNING * * *
You feel better.
You constrict the bullfrog zombie. The bullfrog zombie hits you.
* * * LOW HITPOINT WARNING * * *
The bullfrog zombie hits you.
* * * LOW HITPOINT WARNING * * *
As you read the scroll of teleportation, it crumbles to dust.
You feel strangely unstable.
You constrict the bullfrog zombie. The bullfrog zombie closely misses you.
You hit the bullfrog zombie.
The bullfrog zombie is severely damaged.
You constrict the bullfrog zombie. The bullfrog zombie barely misses you.
You hit the bullfrog zombie.
The bullfrog zombie is almost destroyed.
You constrict the bullfrog zombie.
You destroy the bullfrog zombie!
Dithmenos accepts your kill.
Your Hexes skill increases to level 3!
Your surroundings suddenly seem different.
There is an open door here.
A howler monkey zombie comes into view.
A mummy comes into view.
A killer bee zombie comes into view.
As you read the scroll of teleportation, it crumbles to dust.
You feel strangely unstable.
Your surroundings suddenly seem different.
Floosh! 2 water moccasin zombies and a bog mummy come into view.
You hit the water moccasin zombie. You grab the water moccasin zombie.
You squeeze the water moccasin zombie.
The water moccasin zombie is moderately damaged.
You constrict the water moccasin zombie.
The water moccasin zombie bites you.
* * * LOW HITPOINT WARNING * * *
You hit the water moccasin zombie.
The water moccasin zombie is moderately damaged.
You constrict the water moccasin zombie.
The water moccasin zombie bites you.
You die...

##.##'##'##'##≈≈≈≈#
.'.#...#.#...#≈.P#≈
## #.∩.###...#≈#≈≈≈
#..∩# #...#≈≈.≈#
##### #####≈#Z≈ #
.≈...≈ #≈#
#≈Z≈##≈≈# #≈ZP≈≈#
#≈≈@# #...≈≈#
#≈≈###≈# ≈≈.≈ #
#.≈.≈ .≈.#M≈
##≈≈≈## ####


You could see a bog mummy (dormant), 2 water moccasin zombies and a howler
monkey zombie.

Vanquished Creatures
  A black bear (D:4)
  3 bullfrog zombies (Ossuary)
  A centaur zombie (Ossuary)
  2 killer bee zombies (Ossuary)
  A howler monkey zombie (Ossuary)
  4 mummies (Ossuary)
  4 adders
  A worm (D:3)
  4 endoplasms
  A giant cockroach (D:3)
  2 goblins (D:1)
  5 hobgoblins
  11 jackals
  4 quokkas
  5 ball pythons
  4 bats
  3 frilled lizards
  5 kobolds
  6 rats
  2 rat zombies (D:4)
69 creatures vanquished.

Vanquished Creatures (others)
  2 withered plants (Ossuary)
2 creatures vanquished.

Grand Total: 71 creatures vanquished

Notes
Turn   | Place    | Note
-------+----------+-------------------------------------------
     0 | D:1      | lesaewzxc the Octopode Brigand began the quest for the Orb.
     0 | D:1      | Reached XP level 1. HP: 14/14 MP: 1/1
   278 | D:1      | Reached XP level 2. HP: 12/19 MP: 2/2
   706 | D:1      | Found a faded altar of an unknown god.
  1056 | D:1      | Prayed at the altar of an unknown god.
  1056 | D:1      | Became a worshipper of Dithmenos the Shadowed
  1056 | D:1      | Reached * piety under Dithmenos
  1129 | D:2      | Reached XP level 3. HP: 21/24 MP: 3/3
  1268 | D:2      | Reached skill level 1 in Hexes
  1397 | D:2      | Reached XP level 4. HP: 30/30 MP: 4/4
  1562 | D:2      | Reached ** piety under Dithmenos
  2124 | D:4      | Noticed a black bear
  2130 | D:4      | Killed a black bear
  2131 | D:4      | Reached XP level 5. HP: 35/35 MP: 6/6
  2136 | D:4      | Found a sand-covered staircase.
  2160 | Ossuary  | Entered an ossuary
  2176 | Ossuary  | Reached skill level 1 in Spellcasting
  2182 | Ossuary  | Reached XP level 6. HP: 30/41 MP: 7/7
  2293 | Ossuary  | HP: 2/41 [water moccasin zombie (6)]
  2294 | Ossuary  | Slain by a water moccasin zombie

Illustrated notes

Levels and vault maps discovered:
D:1:      lemuel_arrival_muddy, layout_loops_ring,
          shapermc_ecumenical_altar_flowoftime, minmay_crystal_room
D:2:      layout_rooms
D:3:      layout_loops_ring
D:4:      layout_basic, enter_ossuary_4, kennysheep_small_square
Ossuary:  ossuary_zaba_flooded

Skill      XL: |  1  2  3  4  5  6 |
---------------+-------------------+-----
Hexes          | 1 2 3 |  3.0
Dodging        | 2 3 |  3.2
Short Blades   | 3 |  3.6
Spellcasting   | 1 |  1.4
Throwing       | 3 |  3.1
Fighting       | |  2.9
Stealth        | |  5.5

Action                   |  1- 3 |  4- 6 || total
-------------------------+-------+-------++-------
Melee: Dagger            |    48 |    81 ||   129
       Constrict         |    12 |    17 ||    29
       Tentacles         |    14 |    18 ||    32
       Punch             |     1 |     1 ||     2
Throw: Dart              |     6 |     9 ||    15
  Use: Scroll            |     9 |     2 ||    11
       Potion            |       |     6 ||     6
 Stab: Sleeping          |    10 |    14 ||    24
Armor: Skin              |     3 |     1 ||     4
Dodge: Dodged            |    25 |    49 ||    74

Table legend: (Time is in decaauts)
 A = Elapsed time spent in this place.
 B = Non-inter-level travel time spent in this place.
 C = Inter-level travel time spent in this place.
 D = Time resting spent in this place.
 E = Time spent auto-exploring this place.
 F = Levels seen in this place.
 G = Mean time per level.
                   A        B        C        D        E       F      G
               +--------+--------+--------+--------+--------+-----+--------+
         Total |   2272 |   2258 |     14 |      0 |   1056 |   5 |  454.4 |
       Dungeon |   2148 |   2134 |     14 |      0 |   1056 |   4 |  537.0 |
       Ossuary |    124 |    124 |      0 |      0 |      0 |   1 |  124.0 |
               +--------+--------+--------+--------+--------+-----+--------+

Top non-repeatable levels by time:
     D:1: 1090 daAuts
     D:2: 593 daAuts
     D:3: 427 daAuts
 Ossuary: 124 daAuts
     D:4: 38 daAuts
